 Dungeon Crawl Stone Soup version 0.29-a0-231-g945431f764 (webtiles) character file.

Game seed: 3968314439389091146

40 Aksej the Skirmisher (level 3, 0/29 HPs)
             Began as a Demonspawn Monk on Feb 28, 2022.
             Constricted to death by a ball python (1 damage)
             ... on level 2 of the Dungeon.
             The game lasted 00:03:45 (1343 turns).

Aksej the Skirmisher (Demonspawn Monk)              Turns: 1343, Time: 00:03:45

Health: 0/29       AC:  2    Str: 11    XL:     3   Next: 30%
Magic:  3/3        EV: 10    Int: 14    God:
Gold:   60         SH:  0    Dex: 17    Spells: 2/2 levels left

rFire   . . .      SeeInvis .   a - +5 whip "Zauj" {freeze, Int+3 Stlth+}
rCold   . . .      Faith    .   (no shield)
rNeg    . . .      Spirit   .   b - +0 robe
rPois   .          Reflect  .   (helmet restricted)
rElec   .          Harm     .   (no cloak)
rCorr   .          Rampage  .   (no gloves)
Will    .....                   (no boots)
Stlth   +++.......              (no amulet)
HPRegen 0.09/turn               (no ring)
MPRegen 0.08/turn               (no ring)

@: lethally poisoned (0 -> -10), hasted, constricted, very quick
A: horns 1
a: no special abilities


You were on level 2 of the Dungeon.
You visited 1 branch of the dungeon, and saw 3 of its levels.

You collected 60 gold pieces.

Inventory:

Hand Weapons
 a - the +5 whip "Zauj" (weapon) {freeze, Int+3 Stlth+}
   (You found it on level 2 of the Dungeon)

   It freezes those it strikes, dealing additional cold damage.
   It can also slow down cold-blooded creatures.
   Int:       It affects your intelligence (+3).
   Stlth:     It makes you more stealthy.
Missiles
 c - 3 boomerangs (quivered)
Armour
 b - a +0 robe (worn)
Jewellery
 h - an amulet of magic regeneration
Scrolls
 e - a scroll of vulnerability
Potions
 d - a potion of ambrosia
 g - a potion of mutation {unknown}


   Skills:
 * Level 3.5 Fighting
 + Level 3.1 Maces & Flails
 + Level 0.1 Throwing
 + Level 3.0 Dodging
 + Level 2.0 Stealth


You had 2 spell levels left.
You didn't know any spells.
Your spell library was empty.

Dungeon Overview and Level Annotations

Branches:
Dungeon (3/15)

Altars:
Dithmenos


Innate Abilities, Weirdness & Mutations

You have a pair of small horns on your head.


Message History

You are poisoned.
The adder poisons you! The ball python completely misses you.
The ball python barely misses you.
You climb upwards.
You feel sick.
There is a stone staircase leading down here.
You closely miss the adder.
The adder is heavily wounded.
You feel sick. The adder barely misses you.
The ball python closely misses you. x2
You barely miss the adder.
The adder is heavily wounded.
You feel your willpower return.
You feel sick. The adder misses you. The ball python bites you.
The ball python closely misses you.
You completely miss the adder.
The adder is heavily wounded.
You feel sick. The adder closely misses you.
The ball python bites you but does no damage.
The ball python grabs you. The ball python constricts you.
You closely miss the adder.
The adder is heavily wounded.
You feel sick.
You are no longer poisoned.
The adder barely misses you. The ball python completely misses you.
The ball python constricts you. The adder bites you.
You barely miss the adder.
The adder is heavily wounded.
The ball python bites you. The ball python constricts you. The adder bites you.
* * * LOW HITPOINT WARNING * * *
You are lethally poisoned!
The adder poisons you!
It was a potion of haste.
You feel yourself speed up.
* * * LOW HITPOINT WARNING * * *
You feel sick. The ball python closely misses you.
The ball python constricts you. The adder bites you.
* * * LOW HITPOINT WARNING * * *
You are more poisoned.
The adder poisons you! The ball python bites you.
* * * LOW HITPOINT WARNING * * *
The ball python constricts you.
You die...

..............# #....#
.............## #....#
............#### ######
......###......##
....#(.......#..#######
##........##..........#
#.........##..........#
..#.......##....S.....#
.##.>.....##....@.....#
.###########....S.....#
## #..........# #
############


You could see an adder and a ball python.

Vanquished Creatures
  A dart slug (D:2)
  3 endoplasms
  2 giant cockroaches
  2 goblins (D:2)
  7 hobgoblins
  2 jackals (D:1)
  4 kobolds
  7 ball pythons
  2 bats
  2 frilled lizards (D:1)
  5 rats
37 creatures vanquished.

Notes
Turn   | Place    | Note
-------+----------+-------------------------------------------
     0 | D:1      | Aksej the Demonspawn Monk began the quest for the Orb.
     0 | D:1      | Reached XP level 1. HP: 18/18 MP: 1/1
   302 | D:1      | Gained mutation: You have a pair of small horns on your
                  | head. [demonic ancestry]
   302 | D:1      | Reached XP level 2. HP: 20/24 MP: 2/2
   776 | D:2      | Found a shadowy altar of Dithmenos.
   806 | D:2      | Reached XP level 3. HP: 18/29 MP: 3/3
  1083 | D:2      | Found a faded altar of an unknown god.
  1197 | D:2      | Identified the +5 whip "Zauj" {freeze, Int+3 Stlth+}
  1329 | D:3      | Noticed an ogre
  1343 | D:2      | HP: 1/29 [ball python (3)]
  1343 | D:2      | Constricted to death by a ball python

Illustrated notes

Levels and vault maps discovered:
D:1:      psy_arrival_fountain, layout_basic
D:2:      layout_rooms, basic_altar, shapermc_ecumenical_altar_acropolis,
          serial_park_tiny_pond, minmay_fountain_box
D:3:      layout_basic, grunt_ministairs_10, serial_park_tiny_2,
          minmay_quantized, uniq_sigmund

Skill      XL: |  1  2 |
---------------+-------+-----
Maces & Flails | 3 |  3.1
Stealth        | 2 |  2.0
Dodging        | 3 |  3.0
Fighting       | |  3.5
Throwing       | |  0.1

Action                   || total
-------------------------++-------
Melee: Mace              ||    68
       Headbutt          ||     4
       Punch             ||     2
       Whip              ||     6
Throw: Boomerang         ||    14
  Use: Scroll            ||     3
       Potion            ||     1
 Stab: Sleeping          ||     6
Armor: Robe              ||    18
Dodge: Dodged            ||    71

Table legend: (Time is in decaauts)
 A = Elapsed time spent in this place.
 B = Non-inter-level travel time spent in this place.
 C = Inter-level travel time spent in this place.
 D = Time resting spent in this place.
 E = Time spent auto-exploring this place.
 F = Levels seen in this place.
 G = Mean time per level.
                   A        B        C        D        E       F      G
               +--------+--------+--------+--------+--------+-----+--------+
         Total |   1363 |   1341 |     22 |      0 |   1067 |   3 |  454.3 |
       Dungeon |   1363 |   1341 |     22 |      0 |   1067 |   3 |  454.3 |
               +--------+--------+--------+--------+--------+-----+--------+

Top non-repeatable levels by time:
     D:1: 782 daAuts
     D:2: 573 daAuts
     D:3: 7 daAuts
